 Dungeon Crawl Stone Soup version 0.18-b1-10-g3f7de93 (webtiles) character file.

231 shmeve the Shield-Bearer (level 6, 0/49 HPs)
             Began as a Formicid Fighter on Apr 30, 2016.
             Succumbed to a worker ant's poison
             ... on level 4 of the Dungeon.
             The game lasted 00:05:24 (2937 turns).

shmeve the Shield-Bearer (Formicid Fighter)         Turns: 2937, Time: 00:05:24

Health: 0/49       AC:  7    Str: 22    XL:     6   Next: 24%
Magic:  6/6        EV:  9    Int:  8    God:
Gold:   178        SH: 10    Dex: 10    Spells: 0 memorised, 5 levels left

rFire  . . .     SeeInvis +     a - +0 war axe
rCold  . . .     Gourm    .     b - +0 scale mail
rNeg   . . .     Faith    .     c - +0 shield
rPois  .         Spirit   .     (helmet unavailable)
rElec  .         Dismiss  .     (no cloak)
rCorr  .         Reflect  .     (no gloves)
SustAt .         Harm     .     (no boots)
MR     .....                    (no amulet)
Stlth  ..........               (no ring)
                                (no ring)

@: lethally poisoned (0 -> -10), not resistant to hostile enchantments,
extremely unstealthy
A: permanent stasis, dig shafts and tunnels, four strong arms, antennae 3
a: Dig, Shaft Self


You were on level 4 of the Dungeon.
You were not hungry.

You visited 1 branch of the dungeon, and saw 4 of its levels.

You collected 178 gold pieces.

Inventory:

Hand Weapons
 a - a +0 war axe (weapon)
Missiles
 i - 7 bolts
Armour
 b - a +0 scale mail (worn)
 c - a +0 shield (worn)
Scrolls
 e - a scroll of teleportation {unknown}
 g - 3 scrolls of identify {unknown}
 h - a scroll of random uselessness {unknown}
 k - a scroll of fear {unknown}
 s - a scroll of noise {unknown}
 t - a scroll of magic mapping {unknown}
Potions
 d - a potion of might
 j - a potion of lignification {unknown}
 m - a potion of ambrosia {unknown}
 n - 3 potions of flight {unknown}
 o - a potion of invisibility {unknown}
 q - 3 potions of curing {unknown}
 r - a potion of resistance {unknown}
Comestibles
 f - 5 bread rations
 l - 3 meat rations
 p - a beef jerky


   Skills:
 * Level 4.3 Fighting
 * Level 3.4 Axes
 + Level 4.0 Armour
 + Level 1.6 Dodging
 * Level 5.0 Shields


You had 5 spell levels left.
You didn't know any spells.

Dungeon Overview and Level Annotations

Branches:
Dungeon (4/15)
 Temple: D:4-7

Altars:
Nemelex Xobeh
The Shining One


Innate Abilities, Weirdness & Mutations

You are under a permanent stasis effect.
You can dig through walls and to a lower floor.
Your four strong arms can wield two-handed weapons with a shield.
You have a pair of large antennae on your head (SInv).


Message History

The worker ant is severely wounded.
The worker ant bites you but does no damage.
The orc priest casts a cantrip, but nothing happens.
You block the worker ant's attack. The orc priest hits you with a war axe.
* * * LOW HITPOINT WARNING * * *
You barely miss the orc priest.
The orc priest is severely wounded.
You closely miss the worker ant.
The worker ant is severely wounded.
You block the worker ant's attack. The orc priest hits you with a war axe.
* * * LOW HITPOINT WARNING * * *
The worker ant bites you.
* * * LOW HITPOINT WARNING * * *
You are more poisoned.
The worker ant poisons you!
You completely miss the worker ant.
The worker ant is severely wounded.
You closely miss the orc priest.
The orc priest is severely wounded.
You die...

#..<.# #..# #...##
##..###### ##.###
##.........
#....####..........
#####..............
##.............
##..............
##......)).......
#.......a@o......
#........).......
########.>......#
##########


You could see a worker ant and an orc priest.

Vanquished Creatures
  An orc priest (D:4)
  2 orc wizards
  5 adders
  An ooze (D:1)
  A worm (D:3)
  2 giant geckos (D:2)
  3 orcs
  A ball python (D:1)
  9 bats
  5 giant cockroaches
  14 goblins
  12 hobgoblins
  11 jackals
  4 kobolds
  A quokka (D:3)
  4 giant newts
  7 rats
83 creatures vanquished.

Notes
Turn   | Place    | Note
--------------------------------------------------------------
     0 | D:1      | shmeve the Formicid Fighter began the quest for the Orb.
     0 | D:1      | Reached XP level 1. HP: 18/18 MP: 1/1
   143 | D:1      | Reached XP level 2. HP: 6/24 MP: 2/2
   640 | D:1      | Reached XP level 3. HP: 26/30 MP: 3/3
   851 | D:1      | Reached skill level 4 in Shields
  1430 | D:2      | Reached XP level 4. HP: 37/37 MP: 4/4
  1441 | D:2      | Found a glowing golden altar of the Shining One.
  1522 | D:2      | Found a sparkling altar of Nemelex Xobeh.
  2117 | D:3      | Reached skill level 1 in Dodging
  2117 | D:3      | Reached XP level 5. HP: 40/42 MP: 5/5
  2929 | D:4      | Reached XP level 6. HP: 26/48 MP: 6/6
  2930 | D:4      | Reached skill level 5 in Shields
  2936 | D:4      | HP: 2/49 [worker ant (1)]
  2937 | D:4      | Succumbed to a worker ant's poison

Skill      XL: |  1  2  3  4  5  6 |
---------------+-------------------+-----
Shields        | 4 5 |  5.0
Dodging        | 1 |  1.6
Fighting       | 4 |  4.3
Axes           | 3 |  3.4
Armour         | 4 |  4.0

Action                   |  1- 3 |  4- 6 || total
-------------------------+-------+-------++-------
Melee: War axe           |   110 |   202 ||   312
  Eat: Chunk             |     2 |     5 ||     7
Armor: Scale mail        |    52 |    93 ||   145
Dodge: Dodged            |    42 |    75 ||   117
Block: Shield            |    66 |   118 ||   184
